 Dungeon Crawl Stone Soup version 0.28.0-53-g5a82cb258f (webtiles) character file.

Game seed: 7530814805193999704

3196 pkoi the Digger (level 9, 0/69 HPs)
             Began as a Demigod Earth Elementalist on May 26, 2022.
             Slain by an orc warrior
             ... wielding a +0 short sword
              (11 damage)
             ... on level 8 of the Dungeon.
             The game lasted 00:14:57 (10363 turns).

pkoi the Digger (Demigod Earth Elementalist)       Turns: 10363, Time: 00:14:58

Health: 0/69       AC:  7    Str:  9    XL:     9   Next: 38%
Magic:  0/20       EV: 12    Int: 32    God:
Gold:   482        SH:  0    Dex: 17    Spells: 7/17 levels left

rFire   . . .      SeeInvis .   u - +5 flail "Goifao Deni" {vamp, rN+ Int+3 Dex-3}
rCold   . . .      Faith    .   (no shield)
rNeg    + . .      Spirit   .   b - +0 robe
rPois   +          Reflect  .   i - +0 helmet
rElec   .          Harm     .   (no cloak)
rCorr   .          Rampage  .   D - +0 pair of gloves
Will    .....                   a - +2 pair of boots
Stlth   ++........              (no amulet)
HPRegen 0.21/turn               k - +6 ring of dexterity
MPRegen 0.17/turn               t - ring of poison resistance

@: no status effects
A: high MP 1, forlorn, divine attributes
a: no special abilities


You were on level 8 of the Dungeon.
You visited 1 branch of the dungeon, and saw 9 of its levels.

You collected 482 gold pieces.

Inventory:

Hand Weapons
 d - a +0 club
 e - a +0 spear
 f - a +0 dagger
 h - a +4 spear of pain
 u - the +5 flail "Goifao Deni" (weapon) {vamp, rN+ Int+3 Dex-3}
   (You found it on level 5 of the Dungeon)

   It occasionally heals its wielder for a portion of the damage dealt when it
   wounds a living foe.
   Int:       It affects your intelligence (+3).
   Dex:       It affects your dexterity (-3).
   rN:        It protects you from negative energy.
Missiles
 c - 130 stones
 p - 2 throwing nets
Armour
 a - a +2 pair of boots (worn)
 b - a +0 robe (worn)
 i - a +0 helmet (worn)
 D - a +0 pair of gloves (worn)
Jewellery
 k - a +6 ring of dexterity (left hand)
 s - a ring of see invisible
 t - a ring of poison resistance (right hand)
 y - a ring of magical power
 B - a +6 ring of strength
 C - a ring of wizardry
Wands
 j - a wand of flame (23)
Scrolls
 l - 3 scrolls of identify
 m - a scroll of enchant weapon
 o - 3 scrolls of teleportation
 q - a scroll of immolation
 v - a scroll of fear
 z - a scroll of torment {unknown}
 A - 2 scrolls of amnesia
Potions
 g - 2 potions of heal wounds
 n - 3 potions of mutation
 r - 2 potions of cancellation
 w - a potion of berserk rage {unknown}
 x - a potion of brilliance


   Skills:
 - Level 3.0 Fighting
 + Level 0.2 Armour
 + Level 1.8 Dodging
 - Level 3.0 Stealth
 + Level 4.9 Spellcasting
 + Level 5.2 Conjurations
 - Level 3.0 Transmutations
 - Level 3.0 Air Magic
 + Level 7.7 Earth Magic
 - Level 3.0 Poison Magic


You had 7 spell levels left.
You knew the following spells:

 Your Spells              Type           Power      Damage    Failure   Level
a - Sandblast             Erth           100%       2d20      1%          1
b - Stone Arrow           Conj/Erth      98%        3d13      1%          3
c - Poisonous Vapours     Pois/Air       54%        N/A       2%          2
d - Petrify               Tmut/Erth      42%        N/A       5%          4

Your spell library contained the following spells:

 Spells                   Type           Power      Damage    Failure   Level
 Passwall                 Tmut/Erth      35%        N/A       1%          2
 Corpse Rot               Necr/Air       34%        N/A       4%          2
 Ozocubu's Armour         Ice            7%         N/A       16%         3
 Metabolic Englaciation   Hex/Ice        3%         N/A       82%         5
 Simulacrum               Ice/Necr       3%         N/A       100%        6


Dungeon Overview and Level Annotations

Branches:
Dungeon (9/15)             Temple (0/1) D:5
   Lair: D:8-11         Orc: D:9-12

Shops:
D:2 ?   D:7 =*

Portals:
Abyss: D:8

Annotations:
D:4 2 transporters
D:5 Edmund
D:8 2 transporters, Zeld's ghost, novice GrEE


Innate Abilities, Weirdness & Mutations

You have an increased reservoir of magic. (+10% MP)
You shall have no god before yourself.
Your divine heritage dramatically boosts your attributes as you level up.


Message History

Press: ? - help, Q - select action, (/) - cycle Shift-Dir - straight line, f/p - orc warrior
Aim: an orc warrior, wielding a +0 short sword and wearing a +0 plate armour (heavily wounded, 84% to hit)
The blast of sand hits the orc warrior but does no damage.
The orc warrior is heavily wounded.
The orc warrior hits you but does no damage.
Aiming: Sandblast (safe; 1% risk of failure)
Press: ? - help, Q - select action, (/) - cycle Shift-Dir - straight line, f/p - orc warrior
Aim: an orc warrior, wielding a +0 short sword and wearing a +0 plate armour (heavily wounded, 84% to hit)
The blast of sand hits the orc warrior.
The orc warrior is heavily wounded.
The orc warrior hits you with a +0 short sword.
* * * LOW HITPOINT WARNING * * *
Unknown command.
Unknown command.
Aiming: Sandblast (safe; 1% risk of failure)
Press: ? - help, Q - select action, (/) - cycle Shift-Dir - straight line, f/p - orc warrior
Aim: an orc warrior, wielding a +0 short sword and wearing a +0 plate armour (heavily wounded, 84% to hit)
The blast of sand hits the orc warrior.
The orc warrior is severely wounded.
The orc warrior hits you with a +0 short sword!
* * * LOW HITPOINT WARNING * * *
Aiming: Sandblast (safe; 1% risk of failure)
Press: ? - help, Q - select action, (/) - cycle Shift-Dir - straight line, f/p - orc warrior
Aim: an orc warrior, wielding a +0 short sword and wearing a +0 plate armour (heavily wounded, 84% to hit)
The blast of sand hits the orc warrior but does no damage.
The orc warrior is heavily wounded.
The orc warrior hits you with a +0 short sword!
* * * LOW HITPOINT WARNING * * *
Casting: Sandblast (safe; 1% risk of failure)
Confirm with . or Enter, or press ? or * to list all spells.
You don't have enough magic to cast this spell.
Unknown command.
Casting: Sandblast (safe; 1% risk of failure)
Confirm with . or Enter, or press ? or * to list all spells.
Aiming: Petrify (dangerous; 5% risk of failure)
Press: ? - help, Shift-Dir - straight line, f/p - orc warrior
Aim: an orc warrior, wielding a +0 short sword and wearing a +0 plate armour (heavily wounded, chance to affect: 67%)
The orc warrior is moving more slowly.
The orc warrior hits you with a +0 short sword!
You die...

################ ##########
#............... .........#
#.##############
###......#########.##############
≈≈#......##.....................)
#≈#............##......##########
.≈#####...#.##.........#
#≈#####...<.....@o.....# #######
≈†#.........#..#.#+##### #......
####...........###.# #......
#...#....#....#...# ######......
#.............#.#####...........
#...#.#.#.>.....................
#..##...........#####...........
#...#.#..##.##### #...........
##.......##.# #...........


You could see an orc warrior (petrifying).

Vanquished Creatures
  Grinder (D:3)
  A steam dragon (D:7)
  2 water moccasins
  An orc warrior (D:8)
  4 necrophages
  3 ogres (D:5)
  A centaur (D:7)
  4 bullfrogs
  A water moccasin skeleton (D:5)
  3 killer bees (D:8)
  12 wights
  2 electric eels (D:8)
  2 howler monkeys
  A centaur zombie (D:6)
  3 orc priests
  2 hounds
  A jelly (D:7)
  3 iguanas
  8 orc wizards
  2 scorpion zombies (D:5)
  Natasha (thrice) (D:3)
  Robin (D:2)
  9 adders
  A white imp (D:5)
  An ufetubus (D:5)
  5 worms
  A dart slug (D:1)
  20 orcs
  8 ball pythons
  9 bats
  7 endoplasms
  5 giant cockroaches
  15 goblins
  7 hobgoblins
  2 quokkas (D:3)
  A frilled lizard (D:2)
  2 kobolds
  3 rats (D:2)
157 creatures vanquished.

Vanquished Creatures (others)
  A rat (D:3)
  5 plants (D:4)
6 creatures vanquished.

Grand Total: 163 creatures vanquished

Notes
Turn   | Place    | Note
-------+----------+-------------------------------------------
     0 | D:1      | pkoi the Demigod Earth Elementalist began the quest for the
                  | Orb.
     0 | D:1      | Reached XP level 1. HP: 14/14 MP: 5/5
   182 | D:1      | Reached skill level 3 in Earth Magic
   611 | D:2      | Reached XP level 2. HP: 20/20 MP: 5/7
  1197 | D:3      | Reached XP level 3. HP: 19/26 MP: 0/8
  1206 | D:2      | Reached skill level 4 in Earth Magic
  1467 | D:2      | Found Soawog's Magic Scroll Shoppe.
  1759 | D:3      | Noticed Robin
  1762 | D:3      | Noticed Natasha
  2006 | D:3      | Noticed Grinder
  2008 | D:3      | Paralysed by Grinder for 4 turns
  2015 | D:3      | Killed Grinder
  2016 | D:3      | Reached skill level 6 in Earth Magic
  2016 | D:3      | Reached XP level 4. HP: 8/33 MP: 2/9
  2016 | D:3      | Reached XP level 5. HP: 10/38 MP: 2/10
  2351 | D:2      | Learned a level 3 spell: Stone Arrow
  2354 | D:2      | Learned a level 2 spell: Poisonous Vapours
  2704 | D:2      | Killed Robin
  3231 | D:3      | Killed Natasha
  3232 | D:3      | Reached XP level 6. HP: 13/46 MP: 11/11
  3889 | D:3      | Noticed Natasha
  3892 | D:3      | Killed Natasha
  3893 | D:3      | Reached skill level 1 in Fighting
  4088 | D:3      | Reached skill level 1 in Conjurations
  4088 | D:3      | Reached skill level 1 in Transmutations
  4135 | D:3      | Noticed Natasha
  4153 | D:3      | Killed Natasha
  4443 | D:4      | Found a transporter.
  4463 | D:4      | Found a transporter.
  4473 | D:4      | You fall into a shaft and drop 2 floors!
  4814 | D:5      | Entered Level 5 of the Dungeon
  4878 | D:4      | Reached skill level 1 in Air Magic
  4895 | D:4      | Reached skill level 1 in Poison Magic
  4973 | D:4      | Reached XP level 7. HP: 52/52 MP: 10/13
  5009 | D:4      | Learned a level 4 spell: Petrify
  5907 | D:5      | Noticed Edmund
  5933 | D:5      | Identified the +5 flail "Goifao Deni" {vamp, rN+ Int+3
                  | Dex-3}
  5957 | D:5      | Reached XP level 8. HP: 62/62 MP: 12/15
  6116 | D:5      | Found a staircase to the Ecumenical Temple.
  7887 | D:7      | Found Leafyzo's Jewellery Boutique.
  8412 | D:7      | Reached skill level 7 in Earth Magic
  8510 | D:7      | Found Ryrergh's General Store.
  8533 | D:7      | Reached XP level 9. HP: 66/69 MP: 14/18
  8978 | D:8      | Found a transporter.
  8980 | D:8      | Found a one-way gate to the infinite horrors of the Abyss.
  8980 | D:8      | Noticed Zeld's ghost (novice GrEE)
  8982 | D:8      | Noticed a toenail golem
  9097 | D:8      | Noticed a sixfirhy
  9118 | D:8      | Found a transporter.
  9507 | D:8      | Reached skill level 5 in Conjurations
 10158 | D:9      | Noticed a two-headed ogre
 10363 | D:8      | Slain by an orc warrior

Illustrated notes

Levels and vault maps discovered:
D:1:      minmay_arrival_arboretum_large, layout_loops_ring,
          hellmonk_ecumenical_altar_heavens_door
D:2:      layout_basic, serial_shops, nicolae_shop_stone
D:3:      layout_loops_ring, trog_hazing_becter, uniq_grinder, uniq_robin,
          uniq_natasha
D:4:      layout_rooms, grunt_temple_overflow_growth_and_decay,
          gammafunk_ghost_gnarly_gnolls
D:5:      layout_basic, minmay_temple_entry_hall, serial_glass, glass_columns_b,
          glass_columns_c, glass_columns_b, uniq_edmund
D:6:      layout_loops_ring, mainiacjoe_overflow_24_doors
D:7:      layout_loops_corners, serial_shops, nicolae_shop_advertising_works
          [nicolae_subvault_shop_adworks], nicolae_shop_waterfront
D:8:      layout_basic, mainiacjoe_overflow_cross_hatched, xom_redecorated,
          mainiacjoe_overflow_alcove_1, kennysheep_little_box,
          gammafunk_ghost_abyssal_escape, minivault_14
D:9:      layout_big_octagon, nicolae_overflow_hidden_temple, serial_shops, shop

Skill      XL: |  1  2  3  4  5  6  7  8  9 |
---------------+----------------------------+-----
Earth Magic    | 3 6 7 |  7.7
Stealth        | 2 3 |  3.0
Fighting       | 1 2 3 |  3.0
Conjurations   | 1 2 4 5 |  5.2
Transmutations | 1 2 3 |  3.0
Spellcasting   | 2 4 |  4.9
Air Magic      | 1 2 3 |  3.0
Poison Magic   | 1 2 3 |  3.0
Armour         | |  0.2
Dodging        | |  1.8

Action                   |  1- 3 |  4- 6 |  7- 9 || total
-------------------------+-------+-------+-------++-------
Melee: Unarmed           |    11 |       |       ||    11
       Spear             |     7 |   123 |    47 ||   177
       Club              |     5 |       |       ||     5
       Punch             |       |     2 |     1 ||     3
       Flail             |       |       |    11 ||    11
 Cast: Sandblast         |    66 |    29 |   128 ||   223
       Petrify           |       |       |     3 ||     3
  Use: Scroll            |     1 |     2 |     8 ||    11
       Potion            |     1 |       |     1 ||     2
 Stab: Sleeping          |     3 |     4 |     1 ||     8
       Distracted        |       |     1 |       ||     1
Armor: Robe              |    16 |    30 |    36 ||    82
Dodge: Dodged            |    41 |    90 |    72 ||   203
